 Dungeon Crawl Stone Soup version 0.18-a0-1778-gadce9fa (webtiles) character file.

100 Cathrinf the Shooter (level 4, -2/29 HPs)
             Began as a High Elf Hunter on Apr 16, 2016.
             Was an Initiate of Trog.
             Slain by a worker ant (7 damage)
             ... on level 4 of the Dungeon.
             The game lasted 00:05:51 (532 turns).

Cathrinf the Shooter (High Elf Hunter)               Turns: 532, Time: 00:05:52

Health: -2/29      AC:  8    Str: 12    XL:     4   Next: 47%
Magic:  5/5        EV: 11    Int: 14    God:    Trog [......]
Gold:   45         SH:  0    Dex: 16    Spells: 0 memorised, 3 levels left

rFire  . . .     SeeInvis .     b - +0 short sword
rCold  . . .     Gourm    .     h - +3 ring mail
rNeg   . . .     Faith    .     (no shield)
rPois  .         Spirit   .     (no helmet)
rElec  .         Dismiss  .     (no cloak)
rCorr  .         Reflect  .     (no gloves)
SustAt .         Harm     .     (no boots)
MR     .....                    (no amulet)
Stlth  +.........               (no ring)
                                (no ring)

@: lethally poisoned (-2 -> -7), not resistant to hostile enchantments, very
unstealthy
A: no striking features
a: Burn Spellbooks, Renounce Religion


You were on level 4 of the Dungeon.
You worshipped Trog.
Trog was noncommittal.
You were not hungry.

You visited 1 branch of the dungeon, and saw 4 of its levels.

You collected 45 gold pieces.

Inventory:

Hand Weapons
 a - a +1 shortbow
 b - a +0 short sword (weapon)
 g - a +0 dagger
 i - a +0 whip
 j - a +2 antimagic hand axe
 k - a +2 antimagic war axe
Missiles
 d - 13 arrows
Armour
 c - a +0 leather armour
 e - a +0 robe
 h - a +3 ring mail (worn)
Comestibles
 f - 3 bread rations


   Skills:
 + Level 2.2 Fighting
 + Level 7.3 Bows
 + Level 0.5 Armour
 + Level 2.7 Dodging
 + Level 1.1 Stealth


You had 3 spell levels left.
You didn't know any spells.

Dungeon Overview and Level Annotations

Branches:
Dungeon (4/15)
 Temple: D:4-7

Altars:
Trog


Message History

The worker ant is moderately wounded.
You feel sick. The worker ant closely misses you.
You hit the worker ant but do no damage.
The worker ant is moderately wounded.
The worker ant bites you.
* * * LOW HITPOINT WARNING * * *
The worker ant bites you but does no damage.
You closely miss the worker ant.
The worker ant is moderately wounded.
* * * LOW HITPOINT WARNING * * *
You feel sick.
The worker ant bites you but does no damage.
You hit the worker ant but do no damage.
The worker ant is moderately wounded.
The worker ant bites you but does no damage.
You barely miss the worker ant.
The worker ant is moderately wounded.
* * * LOW HITPOINT WARNING * * *
You feel sick. The worker ant barely misses you. The worker ant bites you!
You die...

####*
*********####...#########*
,,,,,,,,,...............>*
*************,#a@.###.##.**
*******,###........,*
*******,,,,**,#<...##.###,**
,,,,,,,,,,,,,,####.#*,,**,,*
*******,,,,*,,,,,,...,,,,,,*
*,,,,*,,,***####***,,*
*,,,,*,,,*,,,,,,,,*,,*
*,,,,**,,*,,,,,,,,+,**
*,,,,**,,*,,,,,,,,*,*


You could see a worker ant.

Vanquished Creatures
  An eye of draining (D:3)
  2 orcs (D:3)
  A hobgoblin (D:3)
  4 jackals (D:3)
  A quokka (D:3)
  A kobold (D:2)
10 creatures vanquished.

Notes
Turn   | Place    | Note
--------------------------------------------------------------
     0 | D:1      | Cathrinf the High Elf Hunter began the quest for the Orb.
     0 | D:1      | Reached XP level 1. HP: 14/14 MP: 2/2
   187 | D:3      | Noticed an eye of draining
   190 | D:3      | Found a bloodstained altar of Trog.
   209 | D:3      | Killed an eye of draining
   209 | D:3      | Reached skill level 7 in Bows
   209 | D:3      | Reached XP level 2. HP: 7/19 MP: 0/3
   209 | D:3      | Reached XP level 3. HP: 9/24 MP: 0/4
   209 | D:3      | Reached XP level 4. HP: 11/29 MP: 0/5
   246 | D:3      | Became a worshipper of Trog the Wrathful
   532 | D:4      | Slain by a worker ant

Vault maps used:
D:1:      dpeg_arrival_houses_and_road
D:2:      uniq_terence
D:3:      first_bread, trog_eyes_of_draining
D:4:      lemuel_round_altar, lightli_ossuary_entry_decrepit_ruins,
          minivault_25, serial_bayou_pond_a, kennysheep_small_circle,
          uniq_blork_the_orc, uniq_duvessa, uniq_natasha, uniq_edmund

Skill      XL: |  1 |
---------------+----+-----
Bows           | 7 |  7.3
Fighting       | |  2.2
Armour         | |  0.5
Dodging        | |  2.7
Stealth        | |  1.1

Action                   |  1- 3 |  4- 6 || total
-------------------------+-------+-------++-------
Melee: Short sword       |       |    21 ||    21
 Fire: Shortbow          |    33 |    15 ||    48
  Use: Scroll            |     2 |     2 ||     4
       Potion            |     1 |       ||     1
Armor: Ring mail         |     9 |    26 ||    35
       Leather armour    |     1 |       ||     1
Dodge: Dodged            |    14 |    23 ||    37
